 Dungeon Crawl Stone Soup version 0.20.0-7-g3b7b877 (webtiles) character file.

241 Ijustatesigmund the Sneak (level 6, -2/44 HPs)
             Began as an Octopode Assassin on May 29, 2017.
             Slain by Grinder (3 damage)
             ... while paralysed by Grinder
             ... on level 3 of the Dungeon.
             The game lasted 00:06:08 (2259 turns).

Ijustatesigmund the Sneak (Octopode Assassin)       Turns: 2259, Time: 00:06:09

Health: -2/44      AC:  1    Str: 10    XL:     6   Next: 8%
Magic:  6/6        EV:  2    Int: 13    God:
Gold:   57         SH:  0    Dex: 16    Spells: 5/5 levels left

rFire    . . .     SeeInvis .   h - +2 dagger (flame)
rCold    . . .     Gourm    +   (no shield)
rNeg     . . .     Faith    .   (helmet restricted)
rPois    .         Spirit   .   e - amulet of the gourmand
rElec    .         Reflect  .   (no ring)
rCorr    .         Harm     .   (no ring)
MR       .....                  (no ring)
Stlth    ++++......             (no ring)
Regen    0.2/turn               (no ring)
MPRegen  0.1/turn               (no ring)
                                (no ring)
                                (no ring)

@: paralysed, hasted
A: almost no armour, stealthy swim, amphibious, 8 rings, constrict 8, camouflage
1, gelatinous body 1
a: no special abilities


You were on level 3 of the Dungeon.
You were not hungry.

You visited 1 branch of the dungeon, and saw 3 of its levels.

You collected 57 gold pieces.

Inventory:

Hand Weapons
 a - a +2 dagger
 b - a +0 blowgun
 h - a +2 dagger of flaming (weapon)
 p - a +0 mace of holy wrath
 q - a +2 quarterstaff of chaos
Missiles
 c - 8 poisoned needles
 d - 2 curare-tipped needles
Jewellery
 e - an amulet of the gourmand (around mantle)
Potions
 j - a potion of heal wounds
 k - a potion of degeneration {unknown}
 n - a potion of lignification {unknown}
 o - a potion of berserk rage {unknown}
Comestibles
 f - 2 bread rations
 i - 10 fruits
 l - a meat ration
 m - a royal jelly


   Skills:
 + Level 4.6 Fighting
 - Level 2.0 Short Blades
 - Level 2.0 Throwing
 + Level 4.0 Dodging
 - Level 5.3 Stealth


You had 5 spell levels left.
You didn't know any spells.

Dungeon Overview and Level Annotations

Branches:
Dungeon (3/15)

Altars:

Annotations:
D:3 Grinder


Innate Abilities, Weirdness & Mutations

You cannot wear most types of armour.
You are very stealthy in the water. (Stealth+)
You are amphibious.
You can wear up to eight rings at the same time.
You can use your tentacles to constrict eight enemies at once.
Your skin changes colour to match your surroundings (Stealth+).
Your rubbery body absorbs attacks. (AC +1, EV +1)


Message History

Grinder is severely wounded.
You constrict Grinder.
Grinder blinks free!
Found a royal jelly.
Grinder gestures at you.
You suddenly lose the ability to move!
Grinder hits you. x2
You writhe in agony.
* * * LOW HITPOINT WARNING * * *
Grinder hits you.
* * * LOW HITPOINT WARNING * * *
Grinder hits you.
* * * LOW HITPOINT WARNING * * *
You writhe in agony.
* * * LOW HITPOINT WARNING * * *
Grinder hits you!
* * * LOW HITPOINT WARNING * * *
Grinder gestures at you.
You shrug off the repeated paralysis!
Grinder hits you.
You die...

............##.
#.........%....#
#............?.#
#..............#
.............#
...........# #.5.......#
#.###.@.......#
#.......>......
#####..............##
#...................
#....########.....# #
#....# .....# # #. #....#
.....#.# #.##....#
##......##
##......#########...#.....


You could see Grinder.

Vanquished Creatures
  2 orc priests (D:3)
  Crazy Yiuf (D:2)
  Natasha (thrice) (D:2)
  An adder (D:2)
  4 worms
  4 leopard geckos
  3 orcs (D:3)
  5 giant cockroaches
  2 goblins
  3 hobgoblins
  6 jackals (D:2)
  3 ball pythons
  5 bats
  4 frilled lizards
  4 kobolds
  6 rats
56 creatures vanquished.

Notes
Turn   | Place    | Note
-------+----------+-------------------------------------------
     0 | D:1      | Ijustatesigmund the Octopode Assassin began the quest for the Orb.
     0 | D:1      | Reached XP level 1. HP: 14/14 MP: 1/1
   307 | D:1      | Reached XP level 2. HP: 16/20 MP: 2/2
   987 | D:2      | Reached XP level 3. HP: 25/25 MP: 3/3
  1211 | D:2      | Reached XP level 4. HP: 24/31 MP: 4/4
  1305 | D:2      | Noticed Natasha
  1320 | D:2      | Killed Natasha
  1484 | D:2      | Found a runed door.
  1488 | D:2      | Noticed Crazy Yiuf
  1495 | D:2      | Killed Crazy Yiuf
  1495 | D:2      | Reached XP level 5. HP: 37/37 MP: 5/5
  1792 | D:2      | Noticed Natasha
  1800 | D:2      | Killed Natasha
  1823 | D:2      | Noticed Natasha
  1832 | D:2      | Killed Natasha
  2044 | D:3      | Reached XP level 6. HP: 29/44 MP: 6/6
  2134 | D:3      | Noticed Grinder
  2252 | D:3      | Paralysed by Grinder for 7 turns
  2257 | D:3      | HP: 1/44 [Grinder (7)]
  2259 | D:3      | Slain by Grinder

Skill      XL: |  1  2  3  4  5  6 |
---------------+-------------------+-----
Dodging        | 2 3 4 |  4.0
Fighting       | 3 4 |  4.6
Short Blades   | |  2.0
Throwing       | |  2.0
Stealth        | |  5.3

Action                   |  1- 3 |  4- 6 || total
-------------------------+-------+-------++-------
Melee: Dagger            |    72 |    59 ||   131
       Constrict         |    13 |    12 ||    25
       Tentacles         |     9 |    10 ||    19
 Fire: Blowgun           |       |     4 ||     4
  Use: Scroll            |     2 |     2 ||     4
       Potion            |       |     2 ||     2
 Stab: Sleeping          |    15 |     1 ||    16
  Eat: Chunk             |     3 |     4 ||     7
Armor: Skin              |     4 |     2 ||     6
Dodge: Dodged            |    39 |    18 ||    57
